 Dungeon Crawl Stone Soup version 0.27.1-34-g3ba077fa99 (webtiles) character file.

Game seed: 1266382134475374654

2257 multipassport the Covered (level 9, -18/56 HPs)
             Began as a Tengu Fighter on Jan 15, 2022.
             Was a Believer of Hepliaklqana.
             Demolished by a skeletal warrior (22 damage)
             ... led by a skeletal warrior
             ... on level 7 of the Dungeon.
             The game lasted 00:32:37 (5934 turns).

multipassport the Covered (Tengu Fighter)           Turns: 5934, Time: 00:32:38

Health: -18/56     AC:  8    Str: 19    XL:     9   Next: 37%
Magic:  10/10      EV: 10    Int:  9    God:    Hepliaklqana [**....]
Gold:   373        SH: 16    Dex: 14    Spells: 5/8 levels left

rFire    + . .     SeeInvis .   r - +1 rapier (speed)
rCold    . . .     Faith    .   c - +1 kite shield
rNeg     . . .     Spirit   .   a - +2 ring mail {rF+}
rPois    .         Reflect  +   (helmet restricted)
rElec    .         Harm     .   (no cloak)
rCorr    .         Rampage  .   (no gloves)
Will     .....     Clarity  +   (boots unavailable)
Stlth    +.........             b - amulet of reflection
HPRegen  0.18/turn              (no ring)
MPRegen  0.12/turn              (no ring)

@: flying quickly and evasively, quick
A: reduced essence, beak, talons 3, nimble flight, clarity, robust 1
a: Renounce Religion, Ancestor Life: Knight, Ancestor Life: Battlemage, Ancestor
Life: Hexer, Recall Ancestor, Ancestor Identity


You were on level 7 of the Dungeon.
You worshipped Hepliaklqana.
Hepliaklqana was pleased with you.
You visited 1 branch of the dungeon, and saw 8 of its levels.

You collected 373 gold pieces.

Inventory:

Hand Weapons
 r - a +1 rapier of speed (weapon)
Missiles
 q - a throwing net (quivered)
Armour
 a - a +2 ring mail of fire resistance (worn)
 c - a +1 kite shield (worn)
Jewellery
 b - an amulet of reflection (around neck)
 g - a ring of magical power
 k - a ring of wizardry
 u - an amulet of guardian spirit
Scrolls
 e - 2 scrolls of identify {unknown}
 f - a scroll of immolation
 h - a scroll of torment {unknown}
 l - a scroll of noise {unknown}
 s - a scroll of amnesia
 t - a scroll of vulnerability {unknown}
 v - a scroll of magic mapping {unknown}
Potions
 d - 3 potions of might
 m - a potion of magic
 n - 2 potions of curing {unknown}
 o - 2 potions of heal wounds {unknown}
 p - a potion of mutation
 w - a potion of resistance {unknown}


   Skills:
 + Level 6.3 Fighting
 + Level 6.4 Short Blades
 + Level 6.9 Armour
 + Level 6.3 Shields
 + Level 3.8 Transmutations


You had 5 spell levels left.
You knew the following spells:

 Your Spells              Type           Power      Damage    Failure   Level
a - Beastly Appendage     Tmut           14%        N/A       38%         1
b - Wereblood             Tmut           7%         N/A       54%         2

Your spell library contained the following spells:

 Spells                   Type           Power      Damage    Failure   Level
 Magic Dart               Conj           0%         1d3       90%         1
 Spider Form              Tmut/Pois      1%         N/A       95%         3
 Call Imp                 Summ           0%         N/A       97%         2
 Call Canine Familiar     Summ           0%         N/A       99%         3
 Mephitic Cloud           Conj/Pois/Air  0%         N/A       99%         3
 Portal Projectile        Hex/Tloc       0%         N/A       99%         3
 Leda's Liquefaction      Hex/Erth       0%         N/A       100%        4
 Blade Hands              Tmut           3%         N/A       100%        5
 Irradiate                Conj/Tmut      1%         3d14      100%        5
 Dragon Form              Tmut           3%         N/A       100%        7


Dungeon Overview and Level Annotations

Branches:
Dungeon (8/15)
 Temple: D:4-7         Lair: D:8-11

Altars:
Ashenzari
Cheibriados
Elyvilon
Fedhas
Hepliaklqana
Vehumet

Shops:
D:3 *   D:8 *


Innate Abilities, Weirdness & Mutations

Your life essence is reduced to manifest your ancestor. (-10% HP)
You have a beak for a mouth.
You have claws for feet.
Your magical nature lets you fly swiftly and evasively.
You possess an exceptional clarity of mind.
You are robust. (+10% HP)


Message History

The water moccasin barely misses you.
You puncture the water moccasin!
You kill the water moccasin!
There is an open door here.
Found a scale mail.
You are no longer corroded.
A centaur warrior zombie comes into view.
You reach down and open the door.
Found a stone staircase leading up.
There is an open door here.
There is a stone staircase leading up here.
You fly upwards.
Your extra speed is starting to run out.
A skeletal warrior comes into view. It is wielding a +0 mace.
Found an escape hatch in the ceiling.
There is a stone staircase leading down here.
You reach down and open the door. 2 skeletal warriors come into view.
There is an open door here.
Found a stone staircase leading down.
The orc wizard shouts!
There is an open door here.
You feel yourself slow down.
A centaur skeleton comes into view.
Found a stone staircase leading up.
You block the centaur skeleton's attack.
The centaur skeleton closely misses you.
The centaur skeleton hits you.
* * * LOW HITPOINT WARNING * * *
You block the centaur skeleton's attack.
The centaur skeleton hits you but does no damage.
You block the centaur skeleton's attack.
The centaur skeleton hits you but does no damage.
You block the centaur skeleton's attack.
You block the centaur skeleton's attack.
The centaur skeleton kicks you but does no damage.
The skeletal warrior hits you from afar with a +0 glaive!
* * * LOW HITPOINT WARNING * * *
The skeletal warrior hits you from afar with a +0 halberd!!
You die...

#....... #.....
#...>.#######.....
#.....##...#......
#..........#......
#.....o....#......
#.........o'......
#Z.........#......
#.zzz......#......
#@.z.......#......
#..........#......
#<.........#......
#..........z......
#..........#z.....
#..........#......
#..........#..<...
#..........#z.....
........'......


You could see 4 skeletal warriors, an orc wizard and a centaur skeleton.

Vanquished Creatures
  Eustachio (D:6)
  4 water moccasins
  A black bear (D:5)
  An ogre (D:5)
  The ghost of tevior the Changer, an amateur DrTm (D:4)
  A hornet zombie (D:6)
  A kobold brigand (D:6)
  A gnoll sergeant (D:5)
  A bullfrog (D:7)
  A water moccasin zombie (D:5)
  A wyvern zombie (D:6)
  A scorpion (D:5)
  A water moccasin skeleton (D:4)
  A howler monkey (D:7)
  3 bullfrog skeletons
  A centaur zombie (D:6)
  A hound (D:5)
  A gnoll shaman (D:8)
  4 iguanas
  An iron imp (D:4)
  3 orc wizards (D:5)
  A howler monkey zombie (D:5)
  6 adders
  11 gnolls
  A shadow imp (D:6)
  A white imp (D:7)
  An ufetubus (D:4)
  6 worms
  A dart slug (D:3)
  13 orcs
  12 endoplasms
  4 giant cockroaches
  4 goblins
  2 hobgoblins (D:1)
  5 jackals
  7 kobolds
  2 quokkas (D:2)
  7 ball pythons
  9 bats
  4 frilled lizards
  3 rats
131 creatures vanquished.

Vanquished Creatures (collateral kills)
  A water moccasin (D:6)
  A bullfrog (D:8)
  A howler monkey (D:7)
  A gnoll (D:8)
  An adder (D:6)
  2 orcs
7 creatures vanquished.

Vanquished Creatures (others)
  An ancestor (D:7)
1 creature vanquished.

Grand Total: 139 creatures vanquished

Notes
Turn   | Place    | Note
-------+----------+-------------------------------------------
     0 | D:1      | multipassport the Tengu Fighter began the quest for the
                  | Orb.
     0 | D:1      | Reached XP level 1. HP: 14/14 MP: 2/2
   238 | D:1      | Reached XP level 2. HP: 19/19 MP: 3/3
   765 | D:2      | Learned a level 1 spell: Beastly Appendage
   785 | D:2      | Reached XP level 3. HP: 21/23 MP: 4/4
  1402 | D:3      | Found Muced's Assorted Antiques.
  1406 | D:3      | Reached XP level 4. HP: 22/28 MP: 5/5
  1415 | D:3      | Gained mutation: You possess an exceptional clarity of
                  | mind. [potion of mutation]
  1415 | D:3      | Gained mutation: You are robust. (+10% HP) [potion of
                  | mutation]
  1601 | D:3      | Found a blossoming altar of Fedhas.
  1624 | D:3      | Found a faded altar of an unknown god.
  1726 | D:3      | Found a broken altar of Ashenzari.
  2170 | D:3      | Became a worshipper of Vehumet
  2170 | D:3      | Reached * piety under Vehumet
  2170 | D:3      | Offered knowledge of Magic Dart by Vehumet.
  2172 | D:3      | Fell from the grace of Vehumet
  2461 | D:4      | Gained mutation: Your magical nature lets you fly swiftly
                  | and evasively. [Tengu growth]
  2461 | D:4      | Reached XP level 5. HP: 36/36 MP: 6/6
  2668 | D:4      | Learned a level 1 spell: Beastly Appendage
  2996 | D:4      | Found a runed translucent door.
  2999 | D:4      | Noticed tevior's ghost (amateur DrTm)
  3017 | D:4      | Killed tevior's ghost
  3018 | D:4      | Reached XP level 6. HP: 36/41 MP: 7/7
  3025 | D:4      | Found a runed translucent door.
  3233 | D:4      | Reached skill level 1 in Transmutations
  3249 | D:4      | Found a snail-covered altar of Cheibriados.
  3477 | D:5      | Entered Level 5 of the Dungeon
  3477 | D:5      | Noticed a water moccasin
  3540 | D:4      | Killed a water moccasin
  3541 | D:4      | Reached XP level 7. HP: 30/48 MP: 8/8
  3549 | D:4      | Reached skill level 5 in Armour
  4153 | D:5      | Reached skill level 5 in Fighting
  4153 | D:5      | Reached skill level 5 in Shields
  4153 | D:5      | Reached XP level 8. HP: 38/53 MP: 9/9
  4264 | D:5      | Found a hazy altar of Hepliaklqana.
  4269 | D:5      | Became a worshipper of Hepliaklqana the Forgotten
  4304 | D:5      | Reached skill level 5 in Short Blades
  4875 | D:6      | Noticed Eustachio
  4901 | D:6      | Killed Eustachio
  5253 | D:6      | Reached * piety under Hepliaklqana
  5317 | D:6      | Learned a level 2 spell: Wereblood
  5353 | D:6      | Reached XP level 9. HP: 55/55 MP: 10/10
  5424 | D:6      | You are sucked into a shaft and drop 2 floors!
  5424 | D:8      | Noticed a manticore
  5424 | D:8      | Noticed a hornet
  5477 | D:7      | Noticed a skeletal warrior
  5497 | D:7      | Found a white marble altar of Elyvilon.
  5632 | D:8      | Found Lyllim's Demolitions Depot.
  5839 | D:8      | Reached ** piety under Hepliaklqana
  5913 | D:7      | Noticed a skeletal warrior
  5913 | D:7      | Noticed a skeletal warrior
  5915 | D:7      | Noticed a skeletal warrior
  5915 | D:7      | Noticed a skeletal warrior
  5934 | D:7      | Demolished by a skeletal warrior

Illustrated notes

Levels and vault maps discovered:
D:1:      saegor_arrival_simple_d, layout_rooms, minmay_misc_feat_roman,
          chequers_serial_rivers_small_b
D:2:      layout_basic, small_statue_intersection
D:3:      layout_basic, lemuel_round_altar, nicolae_overflow_crystal_walls,
          hellmonk_ecumenical_altar_blasted, serial_shops, shop
D:4:      layout_rooms, slow_altar_2, ebering_ghost_sewer_f
D:5:      layout_rooms, lemuel_doored_altar
D:6:      layout_basic, corexii_leaking_fountain, uniq_eustachio
D:7:      layout_gridville, mainiacjoe_overflow_big_doors,
          mainiacjoe_overflow_alcove_4, mainiacjoe_overflow_chevrons,
          led_sif_pool, minmay_temple_entry_drinking_statues
D:8:      layout_loops_corners, nemelex_xobeh_ov_fountains_minmay,
          chequers_serial_rivers_marsh, serial_park_tiny_2,
          hangedman_abyss_or_decor_clamps, nicolae_blasting_shop,
          minmay_fractal_squares_5, uniq_psyche

Skill      XL: |  1  2  3  4  5  6  7  8  9 |
---------------+----------------------------+-----
Short Blades   | 3 4 5 6 |  6.4
Armour         | 4 5 6 |  6.9
Fighting       | 4 5 6 |  6.3
Shields        | 4 5 6 |  6.3
Transmutations | 1 2 3 |  3.8

Action                   |  1- 3 |  4- 6 |  7- 9 || total
-------------------------+-------+-------+-------++-------
Melee: Rapier            |    86 |   108 |   271 ||   465
       Kick              |    19 |    33 |    90 ||   142
       Peck              |    18 |    18 |    68 ||   104
 Cast: Beastly Appendage |       |       |     1 ||     1
Invok: Renounce Religion |       |     1 |       ||     1
       Ancestor Identity |       |       |     2 ||     2
       Recall Ancestor   |       |       |     2 ||     2
  Use: Scroll            |       |     5 |     1 ||     6
       Potion            |       |     5 |     2 ||     7
Armor: Scale mail        |    42 |    21 |       ||    63
       Ring mail         |       |     4 |    54 ||    58
Dodge: Dodged            |    27 |    37 |    52 ||   116
Block: Kite shield       |    32 |    75 |   140 ||   247
